AoeStats
← Blackrune

Four Lakes

509802956Analyzed
1v1 RM · 5d ago on Sep 28, 2026· 36m 32s· 2 players
Game mode
Random Map
Map size
Tiny (2 player)
Population
200
Speed
Normal
Resources
Standard
Victory
Conquest
Starting age
Dark Age
Ending age
Imperial Age
RankedLock teamsTeams togetherTeam positionsShared explorationLock speedFull tech treeHidden civsTurbo modeCheats
Victory
Defeat
🇬🇹 Maya · Guatemala
1033
+14
🇳🇿 Britons · New Zealand
1000
-42
Blackrune
12:15 Feudal Age
14:08 Man-at-Arms
15:53 Wheelbarrow
hi_joel
0:34 Loom
9:34 Feudal Age
10:32 Feudal Age
17:08 Castle Age
15:22 Double-Bit Axe
16:28 Gold Mining
16:22 Horse Collar
17:16 Scale Mail Armor
17:33 Eagle Warrior
21:40 Town Watch
22:33 Wheelbarrow
23:20 Squires
23:06 Arson
25:17 Forging
25:55 Heavy Plow
25:48 Town Watch
27:03 Chain Mail Armor
27:29 Bow Saw
27:47 Hand Cart
28:57 Iron Casting
30:10 Town Patrol
31:26 Fletching
32:00 Ballistics
31:36 Murder Holes
32:21 Bodkin Arrow
32:41 Masonry
35:19 Imperial Age
35:55 Elite Eagle Warrior
37:37 Blast Furnace
37:07 Plate Mail Armor
Connection lost

Rejoining the realm…

Still unreachable

The connection could not be restored.

Session expired

The server has moved on; the page needs a fresh start.